 Dungeon Crawl Stone Soup version 0.19.1-1-g22dce08 (webtiles) character file.

43 HessuHobo the Conjurer (level 3, 0/19 HPs)
             Began as a Deep Elf Conjurer on Dec 28, 2016.
             Killed from afar by Sigmund (8 damage)
             ... with a magic dart
             ... on level 2 of the Dungeon.
             The game lasted 00:03:16 (1557 turns).

HessuHobo the Conjurer (Deep Elf Conjurer)          Turns: 1557, Time: 00:03:16

Health: 0/19       AC:  2    Str:  6    XL:     3   Next: 37%
Magic:  1/9        EV: 13    Int: 19    God:
Gold:   62         SH:  0    Dex: 15    Spells: 1 memorised, 7 levels left

rFire  . . .     SeeInvis .     m - +0 short sword
rCold  + . .     Gourm    .     a - +0 robe
rNeg   . . .     Faith    .     (no shield)
rPois  .         Spirit   .     (no helmet)
rElec  .         Reflect  .     (no cloak)
rCorr  .         Harm     .     (no gloves)
MR     .....                    (no boots)
Stlth  ++........               (no amulet)
                                k - ring of protection from cold
                                e - ring of flight

@: no status effects
A: no striking features
a: Evoke Flight


You were on level 2 of the Dungeon.
You were not hungry.

You visited 1 branch of the dungeon, and saw 2 of its levels.

You collected 62 gold pieces.

Inventory:

Hand Weapons
 m - a +0 short sword (weapon)
Armour
 a - a +0 robe (worn)
Jewellery
 e - a ring of flight (left hand)
 k - a ring of protection from cold (right hand)
Scrolls
 f - a scroll of magic mapping
 n - a scroll of identify
 o - a scroll of remove curse
Potions
 g - 2 potions of brilliance {unknown}
Books
 b - a book of Conjurations

   Spells                             Type                      Level
   a - Magic Dart                     Conjuration                  1
   b - Searing Ray                    Conjuration                  2
   c - Dazzling Spray                 Conjuration/Hexes            3
   d - Fulminant Prism                Conjuration/Hexes            4
   e - Iskenderun's Mystic Blast      Conjuration                  4
   f - Iskenderun's Battlesphere      Conjuration/Charms           5
Comestibles
 c - 2 bread rations
 d - 5 chunks of flesh


   Skills:
 - Level 2.4 Dodging
 - Level 2.4 Stealth
 - Level 3.0 Spellcasting
 + Level 5.7 Conjurations


You had 7 spell levels left.
You knew the following spells:

 Your Spells              Type           Power        Failure   Level  Hunger
a - Magic Dart            Conj           ###.         1%          1    None


Dungeon Overview and Level Annotations

Branches:
Dungeon (2/15)

Altars:
Dithmenos

Annotations:
D:2 Sigmund


Message History

Sigmund casts a spell at you. The puff of flame hits you!
Casting: Magic Dart
Confirm with . or Enter, or press ? or * to list all spells.
Aiming: Magic Dart
Press: ? - help, Shift-Dir - straight line, f/p - Sigmund
Aim: Sigmund, wielding a scythe and wearing a robe (severely wounded)
The magic dart hits Sigmund.
Sigmund is severely wounded.
Sigmund closely misses you.
Casting: Magic Dart
Confirm with . or Enter, or press ? or * to list all spells.
Aiming: Magic Dart
Press: ? - help, Shift-Dir - straight line, f/p - Sigmund
Aim: Sigmund, wielding a scythe and wearing a robe (severely wounded)
The magic dart hits Sigmund.
Sigmund is almost dead.
Sigmund gestures at you while chanting. The magic dart hits you!
You die...

##.....# # #.# #
.......####.. .....
##.#........# ##.#.#
............ ..#.#
#.......#########.#.#
#...#....##รท........##
..[###......##.......#
#..###..##..#####..#.###
##..#..###......@......#
##.....##....#@##.#..###
.............#.##.#..#
.........##..#.##....#
#..._...####...####.##
.........##..### ###
........[....
##.....##..#.
##..#..###...


You could see Sigmund.

Vanquished Creatures
  2 worms (D:2)
  A leopard gecko (D:2)
  A giant cockroach (D:1)
  3 goblins
  6 hobgoblins
  3 jackals (D:1)
  5 kobolds
  A quokka (D:2)
  A ball python (D:1)
  4 bats (D:1)
  A frilled lizard (D:1)
  6 rats
34 creatures vanquished.

Notes
Turn   | Place    | Note
-------+----------+-------------------------------------------
     0 | D:1      | HessuHobo the Deep Elf Conjurer began the quest for the Orb.
     0 | D:1      | Reached XP level 1. HP: 10/10 MP: 6/6
   292 | D:1      | Reached XP level 2. HP: 15/15 MP: 4/8
   300 | D:1      | Reached skill level 5 in Conjurations
  1247 | D:2      | Reached XP level 3. HP: 19/19 MP: 3/9
  1397 | D:2      | Found a shadowy altar of Dithmenos.
  1542 | D:2      | Noticed Sigmund
  1557 | D:2      | Killed from afar by Sigmund

Skill      XL: |  1  2 |
---------------+-------+-----
Conjurations   | 5 |  5.7
Dodging        | |  2.4
Stealth        | |  2.4
Spellcasting   | |  3.0

Action                   || total
-------------------------++-------
 Cast: Magic Dart        ||    74
  Use: Potion            ||     4
       Scroll            ||     3
  Eat: Chunk             ||     1
       Bread ration      ||     1
Dodge: Dodged            ||     9
